 Dungeon Crawl Stone Soup version 0.18.1-48-g4cf74bf (webtiles) character file.

0 glosham the Ducker (level 1, -8/11 HPs)
             Began as a Spriggan Abyssal Knight on Sept 1, 2016.
             Was a Follower of Lugonu.
             Killed from afar by a white draconian zealot (19 damage)
             ... with damnation
             ... on level 4 of the Abyss.
             The game lasted 00:05:17 (346 turns).

glosham the Ducker (Spriggan Abyssal Knight)         Turns: 346, Time: 00:05:18

Health: -8/11      AC:  2    Str:  8    XL:     1   Next: 0%
Magic:  3/3        EV: 13    Int: 13    God:    Lugonu [*.....]
Gold:   80         SH:  2    Dex: 15    Spells: 0 memorised, 0 levels left

rFire  . . .     SeeInvis +     a - +1 short sword
rCold  . . .     Gourm    .     b - +0 robe
rNeg   . . .     Faith    .     (shield restricted)
rPois  .         Spirit   .     (helmet restricted)
rElec  .         Dismiss  .     (no cloak)
rCorr  .         Reflect  +     (gloves unavailable)
SustAt .         Harm     .     (boots unavailable)
MR     .....                    g - +2 amulet of reflection
Stlth  +.........               (no ring)
                                (no ring)

@: non-regenerating, mildly diseased, very quick, not resistant to hostile
enchantments, very unstealthy
A: unfitting armour, see invisible, herbivore 3, speed 3, slow metabolism 2
a: Depart the Abyss, Renounce Religion


You were on level 4 of the Abyss.
You worshipped Lugonu.
Lugonu was aware of your devotion.
You were not hungry.

You visited 0 branches of the dungeon, and saw 0 of its levels.
You visited the Abyss 1 time.

You collected 80 gold pieces.

Inventory:

Hand Weapons
 a - a +1 short sword (weapon)
 e - a +0 rapier
Missiles
 d - 23 bolts
Armour
 b - a +0 robe (worn)
Jewellery
 g - a +2 amulet of reflection (around neck)
Miscellaneous
 f - a plain deck of summoning
Comestibles
 c - a bread ration


   Skills:
 - Level 2.4 Fighting
 - Level 2.1 Short Blades
 - Level 3.5 Dodging
 + Level 0.0 Stealth
 - Level 1.7 Invocations


You couldn't memorise any spells.
You didn't know any spells.

Dungeon Overview and Level Annotations

Branches:
Dungeon (0/15)

Altars:


Innate Abilities, Weirdness & Mutations

You are tiny and cannot use many weapons and most armour.
You have supernaturally acute eyesight.
You are a herbivore.
You cover ground extremely quickly.
You need consume almost no food.


Message History

An orange demon comes into view.
The orange demon moves out of view.
Found 49 gold pieces.
The orange demon screeches!
Found 23 arrows.
Found 16 arrows.
A tentacled starspawn comes into view.
A large abomination comes into view.
Tentacles burst from the starspawn's body! 2 starspawn tentacles come into view.
A raiju comes into view.
The raiju moves out of view.
An ancient zyme comes into view.
You feel yourself growing ill in the presence of the ancient zyme.
Tentacles burst from the starspawn's body! 2 starspawn tentacles and a raiju come into view.
A giant orange brain and an ancient zyme come into view.
The giant orange brain turns its gaze towards you.
You feel yourself growing ill in the presence of the ancient zyme.
A lurking horror and a small abomination come into view.
You feel ill.
The small abomination moves out of view.
A white imp comes into view.
The white imp moves out of view.
Found a gateway leading deeper into the Abyss.
A large abomination comes into view.
Found a scroll of remove curse.
A cacodemon comes into view.
The cacodemon shouts!
Found 36 gold pieces.
A spatial vortex comes into view.
The cacodemon gestures at the rock wall.
Some rock shatters into small pieces.
A white draconian zealot comes into view.
It is wielding a short sword.
There is a gateway leading deeper into the Abyss here.
The white draconian zealot roars!
The white draconian zealot calls down the wrath of its god upon you.
The damnation unfurls!
The damnation engulfs you!
Ouch! That really hurt!
You die...

... .#.# #.......#
..#. ..#..#......# .
# #... #.#....#....#
#...#...
#.###..#.#...
q.#....##..#....#....
#$.#.#.##...####. ..
#......#.#.#### ## .
..#..2........?.#
#.....@..X..#...#
..#.##...#.#.#.###
#.##.#...## #..
.##... v ..#...
.#...# ..... ..#...
... .# # .. .....


You could see a cacodemon, a white draconian zealot and a large abomination.

Vanquished Creatures (others)
  4 starspawn tentacles (Abyss:4)
4 creatures vanquished.

Notes
Turn   | Place    | Note
--------------------------------------------------------------
     0 | Abyss:1  | glosham the Spriggan Abyssal Knight began the quest for the Orb.
     0 | Abyss:1  | Reached XP level 1. HP: 11/11 MP: 3/3
     1 | Abyss:1  | Found a shimmering altar of Xom.
    23 | Abyss:2  | Noticed a small abomination
    64 | Abyss:2  | Noticed a small abomination
   124 | Abyss:3  | Found a corrupted altar of Lugonu.
   128 | Abyss:3  | Found a corrupted altar of Lugonu.
   131 | Abyss:3  | Noticed an ettin
   160 | Abyss:3  | Noticed a starcursed mass
   200 | Abyss:3  | Noticed a rakshasa
   203 | Abyss:3  | Noticed a small abomination
   203 | Abyss:3  | Noticed a small abomination
   237 | Abyss:4  | Found a corrupted altar of Lugonu.
   242 | Abyss:4  | Noticed a spatial maelstrom
   243 | Abyss:4  | Noticed a spatial vortex
   248 | Abyss:4  | Noticed a spatial vortex
   250 | Abyss:4  | Noticed a spatial vortex
   251 | Abyss:4  | Noticed a ynoxinul
   260 | Abyss:4  | Noticed a small abomination
   262 | Abyss:4  | Noticed an orange demon
   277 | Abyss:4  | Noticed a tentacled starspawn
   289 | Abyss:4  | Noticed a large abomination
   294 | Abyss:4  | Noticed a raiju
   297 | Abyss:4  | Noticed an ancient zyme
   300 | Abyss:4  | Noticed a raiju
   311 | Abyss:4  | Noticed an ancient zyme
   311 | Abyss:4  | Noticed a giant orange brain
   317 | Abyss:4  | Noticed a small abomination
   340 | Abyss:4  | Noticed a large abomination
   343 | Abyss:4  | Noticed a cacodemon
   344 | Abyss:4  | Noticed a spatial vortex
   345 | Abyss:4  | Noticed a white draconian zealot
   346 | Abyss:4  | Killed from afar by a white draconian zealot

Action                   || total
-------------------------++-------
  Use: Scroll            ||     2
Dodge: Dodged            ||     2

Table legend:
 A = Turns spent in this place as a percentage of turns spent in the entire game.
 B = Non-inter-level travel turns spent in this place as a percentage of non-inter-level travel turns spent in the entire game.
 C = Inter-level travel turns spent in this place as a percentage of turns spent in this place.
 D = Turns resting spent in this place as a percentage of non-inter-level travel turns spent in this place.
 E = Turns spent auto-exploring this place as a percentage of non-inter-level travel turns spent in this place.
 F = Non-inter-level travel turns spent in this place divided by the number of levels of this place that you've seen.
                   A       B       C       D       E      F
               +-------+-------+-------+-------+-------+----------------------
         Total | 100.0 | 100.0 |   0.0 |   0.0 |   0.0 |  87.2
         Abyss | 100.0 | 100.0 |   0.0 |   0.0 |   0.0 |  87.2
               +-------+-------+-------+-------+-------+----------------------

Vault maps used:
Abyss:2:  bh_abyss_negative
Abyss:3:  evilmike_abyss_rune_tso_outpost
Abyss:4:  evilmike_abyss_exit_4, minivault_4, nicolae_abyss_rune_star_stuff
